 Dungeon Crawl Stone Soup version 0.30-a0-782-ge64f9170bb (webtiles) character file.

Game seed: 3558618061336683732

79 Kenran the Insei (level 4, 0/33 HPs)
             Began as a Vampire Gladiator on Feb 19, 2023.
             Slain by an iguana (12 damage)
             ... on level 3 of the Dungeon.
             The game lasted 00:04:48 (2022 turns).

Kenran the Insei (Vampire Gladiator)                Turns: 2022, Time: 00:04:49

Health: 0/33       AC:  7    Str: 15    XL:     4   Next: 16%
Magic:  4/4        EV: 12    Int: 10    God:
Gold:   159        SH:  0    Dex: 15    Spells: 3/3 levels left

rFire   . . .      SeeInvis +      - Unarmed
rCold   . . .      Faith    .    (no shield)
rNeg    . . .      Spirit   .    r - +0 ring mail
rPois   .          Reflect  .    b - +0 helmet
rElec   .          Harm     .    g - +0 cloak
rCorr   .          Rampage  .    (no gloves)
Will    +....                    (no boots)
Stlth   +                        (no amulet)
HPRegen 0.45/turn                i - ring of willpower
MPRegen 0.09/turn                (no ring)

@: healing quickly
A: alive, fangs 3, see invisible, vampiric 2
a: Exsanguinate


You were on level 3 of the Dungeon.
You visited 1 branch of the dungeon, and saw 3 of its levels.

You collected 159 gold pieces.

Inventory:

Missiles
 c - 3 throwing nets (quivered)
 d - a javelin
Armour
 b - a +0 helmet (worn)
 g - a +0 cloak (worn)
 r - a +0 ring mail (worn)
Jewellery
 i - a ring of willpower (left hand)
Scrolls
 f - 2 scrolls of teleportation
 j - a scroll of brand weapon {unknown}
 k - a scroll of blinking
 m - a scroll of vulnerability {unknown}
 n - a scroll of identify {unknown}
 p - a scroll of fog {unknown}
 q - a scroll of torment {unknown}
 s - a scroll of magic mapping {unknown}
 t - a scroll of poison {unknown}
Potions
 a - a potion of ambrosia {unknown}
 e - 2 potions of heal wounds {unknown}
 h - a potion of cancellation {unknown}
 l - 4 potions of curing {unknown}
 o - 2 potions of mutation {unknown}


   Skills:
 - Level 2.0 Fighting
 - Level 1.5 Throwing
 - Level 1.0 Armour
 - Level 4.0 Dodging
 + Level 4.6 Unarmed Combat


You had 3 spell levels left.
You didn't know any spells.
Your spell library contained the following spells:

 Spells                   Type           Power      Damage    Failure   Level
 Sandblast                Erth           0%         2d4       58%         1
 Passwall                 Tmut/Erth      0%         N/A       75%         2
 Stone Arrow              Conj/Erth      0%         3d7       92%         3
 Animate Armour           Summ/Erth      0%         N/A       100%        4
 Lehudib's Crystal Spear  Conj/Erth      0%         10d2      100%        8


Dungeon Overview and Level Annotations

Branches:
Dungeon (3/15)

Altars:


Innate Abilities, Weirdness & Mutations

Your natural rate of healing is accelerated.
You have razor-sharp teeth.
You have supernaturally acute eyesight. (SInv)
You are afflicted with vampirism and can become a bat while bloodless.


Message History

You kill the hobgoblin!
The bat completely misses you. The bat completely misses you.
You hit the bat.
You kill the bat!
No target in view!
No target in view!
No target in view!
You open the door.
A kobold and an iguana come into view.
The kobold shouts!
The iguana hisses angrily.
The kobold moves out of view.
The kobold throws a stone.
The stone closely misses you.
There is an open door here.
You hit the iguana but do no damage.
The kobold throws a stone.
The stone hits you but does no damage. The iguana closely misses you.
You hit the iguana but do no damage. The iguana barely misses you.
You hit the iguana but do no damage. The iguana misses you.
You barely miss the iguana. The kobold misses you. The iguana bites you.
You closely miss the iguana. The kobold barely misses you.
The iguana barely misses you.
You hit the iguana.
The iguana is lightly wounded.
You hit the iguana.
The iguana is lightly wounded.
The kobold closely misses you. The iguana bites you.
You barely miss the iguana.
The iguana is lightly wounded.
The kobold hits you but does no damage. The iguana bites you!
You hit the iguana.
The iguana is moderately wounded.
The kobold barely misses you. The iguana bites you!
You are too injured to fight recklessly!
You are too injured to fight recklessly!
You are too injured to fight recklessly!
The kobold attacks as you move away! The kobold misses you.
The iguana attacks as you move away! The iguana closely misses you.
The kobold throws a stone.
The stone misses you. The iguana attacks as you move away!
The iguana bites you!
You die...

.......#######......##.##..#
.#..#.(# ####..##### .# ..#
.#..#..# +..####..# .. ..#
.......# #........# ###..#
.#..#.## #........# #..#
....#.# ##K# #..# .#..#.#
#..## #..# ......#
#.l8###### #..# ......#
##.@.†...###..# ......#
##.......'....# ......#
#..8#######...# ......#
#..## ##..# ......# ##+#
###..# .#..#.# #.#..#
.#....# ###.#..#
.#....###############......#
.#...>........<.......#....#


You could see an iguana and a kobold.

Vanquished Creatures
  2 dart slugs
  An orc (D:3)
  6 ball pythons
  4 endoplasms
  2 giant cockroaches
  5 goblins
  8 hobgoblins
  13 jackals
  4 quokkas
  6 bats
  3 frilled lizards
  4 kobolds
  6 rats
64 creatures vanquished.

Notes
Turn   | Place    | Note
-------+----------+-------------------------------------------
     0 | D:1      | Kenran the Vampire Gladiator began the quest for the Orb.
     0 | D:1      | Reached XP level 1. HP: 16/16 MP: 1/1
   163 | D:1      | Reached XP level 2. HP: 22/22 MP: 2/2
   479 | D:1      | Found a faded altar of an unknown god.
   756 | D:2      | Gained mutation: You are afflicted with vampirism and can
                  | become a bat while bloodless. [Vampire growth]
   756 | D:2      | Reached XP level 3. HP: 27/27 MP: 3/3
  1017 | D:2      | Reached skill level 1 in Armour
  1607 | D:3      | Reached XP level 4. HP: 33/33 MP: 4/4
  2022 | D:3      | Slain by an iguana

Illustrated notes

Levels and vault maps discovered:
D:1:      saegor_arrival_simple_a, layout_loops_cross, basic_ecumenical_altar
D:2:      layout_loops_ring, st_stairs_14
D:3:      minmay_chambers_of_twos, layout_basic

Skill      XL: |  1  2  3  4 |
---------------+-------------+-----
Fighting       | 2 |  2.0
Unarmed Combat | 4 |  4.6
Armour         | 1 |  1.0
Dodging        | 4 |  4.0
Throwing       | |  1.5

Action                     |  1- 3 |  4- 6 || total
---------------------------+-------+-------++-------
  Melee: Unarmed           |   129 |    40 ||   169
         Bite              |    14 |       ||    14
         Punch             |     5 |     2 ||     7
    Use: Scroll            |     2 |       ||     2
   Stab: Sleeping          |     3 |       ||     3
 Armour: Leather armour    |    31 |     6 ||    37
         Ring mail         |       |     8 ||     8
  Dodge: Dodged            |    73 |    35 ||   108

Table legend: (Time is in decaauts)
 A = Elapsed time spent in this place.
 B = Non-inter-level travel time spent in this place.
 C = Inter-level travel time spent in this place.
 D = Time resting spent in this place.
 E = Time spent auto-exploring this place.
 F = Levels seen in this place.
 G = Mean time per level.
                   A        B        C        D        E       F      G
               +--------+--------+--------+--------+--------+-----+--------+
         Total |   2007 |   1956 |     51 |    111 |   1032 |   3 |  669.0 |
       Dungeon |   2007 |   1956 |     51 |    111 |   1032 |   3 |  669.0 |
               +--------+--------+--------+--------+--------+-----+--------+

Top non-repeatable levels by time:
     D:1: 725 daAuts
     D:2: 673 daAuts
     D:3: 608 daAuts
